AoeStats
← die trying

Arabia

504830818Analyzed
1v1 RM · 26d ago on Sep 6, 2026· 18m 24s· 2 players
Game mode
Random Map
Map size
Tiny (2 player)
Population
200
Speed
Normal
Resources
Standard
Victory
Conquest
Starting age
Dark Age
Ending age
Imperial Age
RankedLock teamsTeams togetherTeam positionsShared explorationLock speedFull tech treeHidden civsTurbo modeCheats
Victory
Defeat
🇨🇱 Mongols · Chile
1847
+14
🇬🇧 Sicilians · United Kingdom
1808
-14
LuRu99
6:29 Loom
8:43 Feudal Age
11:49 Horse Collar
18:48 Scale Mail Armor
die trying
5:57 Loom
8:05 Feudal Age
8:13 Man-at-Arms
12:40 Fletching
14:28 Town Watch
21:03 Castle Age
Connection lost

Rejoining the realm…

Still unreachable

The connection could not be restored.

Session expired

The server has moved on; the page needs a fresh start.